 Dungeon Crawl Stone Soup version 0.24-a0-333-g864f2b5 (webtiles) character file.

Game seed: 11113538691197592552

121 Borgoz the Cutter (level 4, 0/40 HPs)
             Began as a Minotaur Gladiator on May 17, 2019.
             Slain by an orc
             ... wielding a +0 club
              (1 damage)
             ... on level 3 of the Dungeon.
             The game lasted 00:03:40 (2135 turns).

Borgoz the Cutter (Minotaur Gladiator)              Turns: 2135, Time: 00:03:41

Health: 0/40       AC:  6    Str: 18 (19) XL:     4   Next: 77%
Magic:  3/3        EV: 11    Int:  3 (5)  God:
Gold:   114        SH:  0    Dex:  9 (12) Spells: 3/3 levels left

rFire    . . .     SeeInvis .   a - +0 rapier
rCold    . . .     Gourm    .   (no shield)
rNeg     . . .     Faith    .   n - +0 scale mail
rPois    .         Spirit   .   c - +0 hat
rElec    .         Reflect  .   (no cloak)
rCorr    .         Harm     .   (no gloves)
MR       .....                  (no boots)
Stlth    ..........             (no amulet)
HPRegen  0.13/turn              k - ring of attention (curse)
MPRegen  0.08/turn              (no ring)

@: hasted, very quick
A: retaliatory headbutt, horns 2
a: no special abilities


You were on level 3 of the Dungeon.
You were not hungry.

You visited 1 branch of the dungeon, and saw 3 of its levels.

You collected 114 gold pieces.

Inventory:

Hand Weapons
 a - a +0 rapier (weapon)
 u - a +3 dagger
Missiles
 d - 3 throwing nets (quivered)
Armour
 c - a +0 hat (worn)
 n - a +0 scale mail (worn)
Jewellery
 h - an uncursed amulet of magic regeneration
 k - a cursed ring of attention (left hand)
 t - a +3 ring of strength
 y - a cursed ring of teleportation {unknown}
Scrolls
 b - a scroll of identify {unknown}
 e - a scroll of enchant weapon {unknown}
 g - 2 scrolls of teleportation {unknown}
 i - a scroll of amnesia {unknown}
 j - a scroll of immolation {unknown}
 o - 2 scrolls of enchant armour {unknown}
 s - 2 scrolls of remove curse {unknown}
 v - 2 scrolls of noise {unknown}
Potions
 p - a potion of flight {unknown}
 q - a potion of resistance
 w - a potion of berserk rage {unknown}
 x - a potion of ambrosia {unknown}
Comestibles
 f - 3 rations
 r - 11 chunks of flesh


   Skills:
 + Level 3.7 Fighting
 + Level 4.1 Short Blades
 + Level 3.0 Throwing
 + Level 4.1 Dodging


You had 3 spell levels left.
You didn't know any spells.
Your spell library was empty.

Dungeon Overview and Level Annotations

Branches:
Dungeon (3/15)

Altars:


Innate Abilities, Weirdness & Mutations

You reflexively headbutt those who attack you in melee.
You have a pair of horns on your head.


Message History

The quokka bites you. The orc warrior barely misses you.
You are too injured to fight recklessly!
You are too injured to fight recklessly!
You are too injured to fight recklessly!
You are too injured to fight recklessly!
It was a potion of degeneration.
There was something very wrong with that liquid.
You feel weakened.
You feel dopey.
You feel clumsy. The orc completely misses you. The quokka closely misses you.
The orc hits you with a +0 club. The orc warrior closely misses you.
It was a potion of haste.
You feel yourself speed up. The quokka closely misses you.
The orc barely misses you. The orc closely misses you.
The quokka barely misses you.
Okay, then.
You barely miss the orc warrior.
The orc warrior is severely wounded.
The orc warrior hits you with a cursed -1 long sword!
* * * LOW HITPOINT WARNING * * *
The orc hits you but does no damage. The orc hits you with a +0 club.
You die...

. #.#...........# #...
## #.#............ ....
.. .........)..... .....
####..#..........# .....
.........^.....g.#%.....
.....#...........#......
................oog.....
................@rw.....
................#o.#.#.#
.......................
........................
.....#..........####....
.....#.........## ..##
.....#.........# ...
.....###...##### #.
..........)#


You could see an orc warrior, a worm, 2 orcs, a quokka and 2 goblins.

Vanquished Creatures
  A hound (D:3)
  3 adders
  A worm (D:3)
  A dart slug (D:2)
  2 leopard geckos
  An orc (D:3)
  3 giant cockroaches
  7 goblins (D:2)
  7 hobgoblins
  7 kobolds
  2 quokkas (D:2)
  A ball python (D:3)
  9 bats
  7 frilled lizards
  4 rats
56 creatures vanquished.

Notes
Turn   | Place    | Note
-------+----------+-------------------------------------------
     0 | D:1      | Borgoz the Minotaur Gladiator began the quest for the Orb.
     0 | D:1      | Reached XP level 1. HP: 18/18 MP: 0/0
   454 | D:1      | Reached XP level 2. HP: 25/25 MP: 1/1
  1103 | D:2      | Reached XP level 3. HP: 27/31 MP: 2/2
  1923 | D:3      | Reached XP level 4. HP: 37/38 MP: 3/3
  2117 | D:3      | Noticed an orc warrior
  2135 | D:3      | HP: 1/40 [orc warrior/cursed -1 long sword (17)]
  2135 | D:3      | Slain by an orc

Levels and vault maps discovered:
D:1:      dpeg_arrival_boxorama, layout_loops_corners
D:2:      layout_basic
D:3:      layout_rooms, first_ration, chequers_ecumenical_altar_simple

Skill      XL: |  1  2  3  4 |
---------------+-------------+-----
Fighting       | 3 |  3.7
Dodging        | 4 |  4.1
Short Blades   | 4 |  4.1
Throwing       | 3 |  3.0

Action                   |  1- 3 |  4- 6 || total
-------------------------+-------+-------++-------
Melee: Rapier            |    91 |    37 ||   128
       Headbutt          |    13 |     9 ||    22
  Use: Potion            |       |     2 ||     2
  Eat: Chunk             |     3 |     1 ||     4
Armor: Leather armour    |     4 |       ||     4
       Ring mail         |     2 |       ||     2
       Scale mail        |    28 |    23 ||    51
Dodge: Dodged            |    59 |    37 ||    96

Table legend:
 A = Non-vault XP
 B = Vault XP
 C = Vault XP percentage of total XP
 D = Non-vault monster count
 E = Vault monster count
 F = Vault count percentage of total count
                 A         B        C        D         E       F
            +---------+---------+-------+---------+---------+-------
      Total |     174 |       0 |   0.0 |      56 |       0 |   0.0
            +---------+---------+-------+---------+---------+-------
        D:1 |      19 |       0 |   0.0 |      12 |       0 |   0.0
        D:2 |      70 |       0 |   0.0 |      28 |       0 |   0.0
        D:3 |      85 |       0 |   0.0 |      16 |       0 |   0.0
            +---------+---------+-------+---------+---------+-------
